 Dungeon Crawl Stone Soup version 0.31-a0-217-g58bb5d79cf (webtiles) character file.

Game seed: 14548653517985830098

189 qw the Chopper (level 5, 0/32 HPs)
             Began as a Gargoyle Fighter on July 3, 2023.
             Slain by Grinder (3 damage)
             ... on level 3 of the Dungeon.
             The game lasted 00:01:08 (2344 turns).

qw the Chopper (Gargoyle Fighter)                   Turns: 2344, Time: 00:01:09

Health: 0/32       AC: 10    Str: 22    XL:     5   Next: 68%
Magic:  5/5        EV:  9    Int:  8    God:
Gold:   225        SH:  4    Dex:  9    Spells: 4/4 levels left

rFire   . . .        Y - +0 war axe
rCold   . . .        c - +0 buckler
rNeg    + . .        b - +0 scale mail
rPois   inf          (no helmet)
rElec   +            (no cloak)
rCorr   .            (no gloves)
SInv    .            (no boots)
Will    .....        (no amulet) Stlth
                     (no ring)
HPRegen 0.25/turn    (no ring)
MPRegen 0.09/turn

%: no passive effects
@: no status effects
A: sickness immunity, AC +4, negative energy resistance 1, electricity
resistance, torment resistance 1, petrification resistance
a: no special abilities


You were on level 3 of the Dungeon.
You visited 1 branch of the dungeon, and saw 3 of its levels.

You collected 225 gold pieces.


Innate Abilities, Weirdness & Mutations

You are immune to sickness and miasma.
Your stone body is resilient. (AC +4)
You are immune to poison.
You resist negative energy. (rN+)
You are resistant to electric shocks. (rElec)
You are resistant to unholy torment.
You are immune to petrification.


   Skills:
 + Level 3.3 Fighting
 - Level 5.1 Axes
 - Level 3.2 Armour
 - Level 3.2 Shields


You had 4 spell levels left.
You didn't know any spells.
Your spell library was empty.

Inventory:

Hand Weapons
 a - the +2 mace "Mikot" {drain, Int+3}
   (You found it on level 2 of the Dungeon)

   Int:       It affects your intelligence (+3).
 i - a +0 mace
 Y - a +0 war axe (weapon)
Armour
 b - a +0 scale mail (worn)
 c - a +0 buckler (worn)
Scrolls
 f - a scroll of teleportation
 h - a scroll of vulnerability {unknown}
Potions
 d - 2 potions of might
 e - 2 potions of attraction {unknown}
 g - a potion of berserk rage {unknown}

Dungeon Overview and Level Annotations

Branches:
Dungeon (3/15)

Altars:
Nemelex Xobeh
Trog
Yredelemnul

Annotations:
D:3 Grinder


Message History

The orc wizard is lightly wounded.
The orc wizard hits you but does no damage.
You closely miss the orc wizard.
The orc wizard is lightly wounded.
The orc wizard hits you but does no damage.
You miss the orc wizard.
The orc wizard is lightly wounded.
The orc wizard completely misses you.
You closely miss the orc wizard.
The orc wizard is lightly wounded.
The orc wizard mumbles some strange words.
The orc wizard flickers and vanishes!
Deactivating autopickup; reactivate with Ctrl-A.
Something hits you but does no damage. Grinder gestures at you.
Something writhes in agony.
You miss something.
Grinder says, "DUCK!"
You hear some strange, mumbled words.
Something tries to affect you, but you resist.
You barely miss something. Something hits you.
You closely miss something. Something hits you but does no damage.
You closely miss something. Grinder gestures at you. Something hits you. x2
You miss something. Grinder gestures at you.
Something writhes in agony!
You block something's attack.
You slash something!
Reactivating autopickup.
You feel a bit more experienced. Grinder gestures at you.
Pain shoots through your body!
You closely miss the orc. You barely miss Grinder. You closely miss Grinder.
Grinder hits you but does no damage. Grinder hits you!
You writhe in agony.
You die...

#.....#.##
...........#
#.#..<#.##
.......$..#
#.#.......
..>......
#.#.#.....
.......
#.#.#.....
.....
#.#.#.#...


oo. #.#.#... #5# .<#... #@# ##.#... #.# #... #.##############..
#................> ################## You could see Grinder and 2 orcs.

Vanquished Creatures
  2 orc priests (D:3)
  Jessica (D:3)
  An orc wizard (D:3)
  3 adders
  A worm (D:2)
  A dart slug (D:3)
  6 orcs (D:3)
  2 endoplasms
  3 giant cockroaches
  6 goblins
  3 hobgoblins
  5 jackals
  4 quokkas
  3 ball pythons
  6 bats
  3 frilled lizards
  7 kobolds
  4 rats
61 creatures vanquished.

Vanquished Creatures (others)
  A wizard (D:3)
1 creature vanquished.

Grand Total: 62 creatures vanquished

Notes
Turn   | Place    | Note
-------+----------+-------------------------------------------
     0 | D:1      | qw the Gargoyle Fighter began the quest for the Orb.
     0 | D:1      | Reached XP level 1. HP: 14/14 MP: 1/1
     0 | D:1      | 0 ||| qw: Version: 0.3-a-40-ge99b1a8
     0 | D:1      | 0 ||| qw: Game counter: 298
     0 | D:1      | 0 ||| qw: Melee chars always use a shield: true
     0 | D:1      | 0 ||| qw: God list: Okawaru
     0 | D:1      | 0 ||| qw: Allow faded altars: false
     0 | D:1      | 0 ||| qw: Do Orc after clearing Dungeon:15 true
     0 | D:1      | 0 ||| qw: Do second Lair branch before Depths: true
     0 | D:1      | 0 ||| qw: Lair rune preference: random
     0 | D:1      | 0 ||| qw: Goals: Normal, Zot:1-4, Slime:5, God:TSO, Crypt,
                  | Tomb, Abyss, Pan, Hells, Win
     0 | D:1      | 0 ||| PLANNING D:1-11
    59 | D:1      | Reached skill level 2 in Axes
   246 | D:1      | Reached XP level 2. HP: 18/19 MP: 2/2
   505 | D:1      | 505 ||| DROPPING +0 club.
   515 | D:1      | Reached skill level 3 in Axes
   763 | D:1      | Reached XP level 3. HP: 23/23 MP: 3/3
  1031 | D:1      | 1031 ||| READING scroll labelled COCAYPUECE.
  1062 | D:2      | Found a basalt altar of Yredelemnul.
  1382 | D:2      | Identified the +2 mace "Mikot" {drain, Int+3}
  1524 | D:2      | 1524 ||| Stepping ~*~*~tactically~*~*~ (stealth).
  1588 | D:2      | Reached XP level 4. HP: 28/28 MP: 4/4
  1929 | D:3      | 1929 ||| PLANNING SEWER
  1945 | D:3      | Noticed Jessica
  1952 | D:3      | Killed Jessica
  1953 | D:3      | Reached skill level 4 in Axes
  2049 | D:3      | Reached XP level 5. HP: 28/32 MP: 5/5
  2070 | D:3      | 2070 ||| DROPPING +0 whip.
  2122 | D:3      | Found a bloodstained altar of Trog.
  2125 | D:3      | Noticed a wizard
  2130 | D:3      | Killed a wizard
  2190 | D:3      | Found a sparkling altar of Nemelex Xobeh.
  2303 | D:3      | 2303 ||| Stepping ~*~*~tactically~*~*~ (stealth).
  2305 | D:3      | 2305 ||| Stepping ~*~*~tactically~*~*~ (hiding).
  2309 | D:3      | Noticed Grinder
  2319 | D:3      | Reached skill level 5 in Axes
  2344 | D:3      | HP: 3/32 [Grinder (7)]
  2344 | D:3      | Slain by Grinder

Levels and vault maps discovered:
D:1:      matt_arrival_refuge, layout_loops_corners, minivault_5
D:2:      layout_loops_corners, basic_altar
D:3:      layout_basic, nemelex_diamond_rough_becter,
          grunt_dithmenos_smoke_and_mirrors, trog_wizard,
          gup_sewer_entry_spiral, kennysheep_generic_room_10, uniq_grinder,
          uniq_jessica

Skill      XL: |  1  2  3  4  5 |
---------------+----------------+-----
Axes           | 2 3 4 5 |  5.1
Fighting       | |  3.3
Armour         | |  3.2
Shields        | |  3.2

Action                     |  1- 3 |  4- 6 || total
---------------------------+-------+-------++-------
  Melee: War axe           |    98 |    74 ||   172
    Use: Scroll            |     1 |       ||     1
 Armour: Scale mail        |    45 |    28 ||    73
  Dodge: Dodged            |    50 |    30 ||    80
  Block: Buckler           |    13 |     5 ||    18

Table legend:
 A = Non-vault XP
 B = Vault XP
 C = Vault XP percentage of total XP
 D = Non-vault monster count
 E = Vault monster count
 F = Vault count percentage of total count
                 A         B        C        D         E       F
            +---------+---------+-------+---------+---------+-------
      Total |     226 |      44 |  16.3 |      57 |       4 |   6.6
            +---------+---------+-------+---------+---------+-------
        D:1 |      41 |       0 |   0.0 |      24 |       0 |   0.0
        D:2 |      54 |       0 |   0.0 |      18 |       0 |   0.0
        D:3 |     131 |      44 |  25.1 |      15 |       4 |  21.1
            +---------+---------+-------+---------+---------+-------
